 Dungeon Crawl Stone Soup version 0.30-a0-939-gc8157cb160 (webtiles) character file.

Game seed: 12607307427728522541

48 DeathPants the Cutter (level 3, -1/18 HPs)
             Began as a Vine Stalker Gladiator on Mar 25, 2023.
             Killed from afar by Sigmund (8 damage)
             ... with a puff of flame
             ... on level 2 of the Dungeon.
             The game lasted 00:02:39 (958 turns).

DeathPants the Cutter (Vine Stalker Gladiator)       Turns: 958, Time: 00:02:39

Health: -1/18      AC:  4    Str: 16    XL:     3   Next: 72%
Magic:  0/5        EV: 12    Int:  8    God:
Gold:   87         SH:  0    Dex: 17    Spells: 4/4 levels left

rFire   . . .      SeeInvis .    a - +0 rapier
rCold   . . .      Faith    .    (no shield)
rNeg    . . .      Spirit   +    b - +0 leather armour
rPois   .          Reflect  .    c - +0 helmet
rElec   .          Rampage  .    (no cloak)
rCorr   .                        (no gloves)
Will    .....                    (no boots)
Stlth   +                        (no amulet)
HPRegen 0.23/turn                (no ring)
MPRegen 0.09/turn                (no ring)

@: no status effects
A: fangs 2, magic shield, antimagic bite, no potion heal 2
a: no special abilities


You were on level 2 of the Dungeon.
You visited 1 branch of the dungeon, and saw 2 of its levels.

You collected 87 gold pieces.

Inventory:

Hand Weapons
 a - a +0 rapier (weapon)
Missiles
 d - 5 throwing nets (quivered)
 e - a javelin
 h - 4 poisoned darts
Armour
 b - a +0 leather armour (worn)
 c - a +0 helmet (worn)
Scrolls
 g - a scroll of identify {unknown}
Potions
 f - a potion of mutation {unknown}


   Skills:
 + Level 2.2 Fighting
 * Level 3.3 Short Blades
 - Level 1.7 Throwing
 + Level 2.7 Dodging
 + Level 1.2 Spellcasting


You had 4 spell levels left.
You didn't know any spells.
Your spell library contained the following spells:

 Spells                   Type           Power      Damage    Failure   Level
 Anguish                  Hex/Necr       0%         N/A       99%         4
 Enfeeble                 Hex            0%         N/A       100%        7


Dungeon Overview and Level Annotations

Branches:
Dungeon (2/15)

Altars:
Okawaru

Annotations:
D:2 Sigmund


Innate Abilities, Weirdness & Mutations

You have extremely sharp teeth.
When hurt, damage is shared between your health and your magic reserves.
Your bite disrupts and absorbs the magic of your enemies.
Potions cannot restore your health.


Message History

Sigmund gestures at you while chanting. You resist with some effort.
Sigmund points at you and mumbles some strange words.
The magic dart hits you!
Sigmund zaps a wand.
Some rock shatters into small pieces.
The gnoll closely misses you.
A kobold comes into view. It is wielding a +0 dagger.
The kobold shouts!
The kobold throws a stone.
The stone closely misses you.
A worm comes into view.
Sigmund zaps a wand.
Some rock shatters into small pieces.
Sigmund gestures wildly while chanting.
Sigmund flickers and vanishes!
Deactivating autopickup; reactivate with Ctrl-A.
The kobold hits you with a +0 dagger.
The kobold throws a stone.
The stone completely misses you. The worm bites you but does no damage.
The kobold throws a stone.
The stone misses you.
The kobold throws a stone.
The stone hits you but does no damage.
The kobold throws a stone.
The stone barely misses you.
You hear a zap.
You hear a grinding noise.
As you open the door, it creaks loudly! The gnoll closely misses you.
The gnoll hits you with a +0 spear.
You hit the gnoll. You bite the gnoll. You drain its power.
You feel invigorated.
The gnoll is heavily wounded.
The gnoll hits you with a +0 spear.
You hit the gnoll.
The gnoll is severely wounded.
The gnoll barely misses you.
You hit the gnoll.
The gnoll is almost dead.
Something hits you. The gnoll hits you with a +0 spear. x2
You barely miss the gnoll. You bite the gnoll.
You kill the gnoll!
You hear some strange, mumbled words.
A puff of flame appears from out of thin air!
The puff of flame hits you!
You die...

#.# #.###..†..#
#.#######.##.....#
######.##.............#
......................#
####...#.######......#
#.....# ##...###
##Kw{## ##..# ##)##
#####.### #.@#
#........ #.#.#
#.###.#.. #. #'# #...#@
# ... #.##.. ..... #.
##. ....... #..#.###.
......... #........
+.........+ .........
#.........# #.....###


You could see a worm and a kobold.

Vanquished Creatures
  2 adders (D:2)
  A gnoll (D:2)
  2 dart slugs (D:1)
  3 bats (D:1)
  2 endoplasms (D:1)
  5 hobgoblins (D:1)
  2 jackals (D:1)
  2 quokkas
  A ball python (D:1)
  2 frilled lizards
  A kobold (D:2)
  3 rats
26 creatures vanquished.

Notes
Turn   | Place    | Note
-------+----------+-------------------------------------------
     0 | D:1      | DeathPants the Vine Stalker Gladiator began the quest for
                  | the Orb.
     0 | D:1      | Reached XP level 1. HP: 11/11 MP: 2/2
    86 | D:1      | Reached XP level 2. HP: 12/15 MP: 3/3
   210 | D:1      | Reached skill level 3 in Short Blades
   540 | D:2      | Reached XP level 3. HP: 15/18 MP: 3/5
   622 | D:1      | Reached skill level 1 in Spellcasting
   846 | D:2      | Found an iron altar of Okawaru.
   914 | D:2      | Noticed Sigmund
   958 | D:2      | Killed from afar by Sigmund

Illustrated notes

Levels and vault maps discovered:
D:1:      saegor_arrival_simple_d, layout_loops_ring
D:2:      layout_loops_corners, basic_altar, uniq_sigmund, uniq_terence

Skill      XL: |  1  2  3 |
---------------+----------+-----
Fighting       | 2 |  2.2
Short Blades   | 3 |  3.3
Spellcasting   | 1 |  1.2
Throwing       | |  1.7
Dodging        | |  2.7

Action                     || total
---------------------------++-------
  Melee: Rapier            ||    85
         Bite              ||    22
   Stab: Sleeping          ||     1
 Armour: Leather armour    ||    29
  Dodge: Dodged            ||    55

Table legend: (Time is in decaauts)
 A = Elapsed time spent in this place.
 B = Non-inter-level travel time spent in this place.
 C = Inter-level travel time spent in this place.
 D = Time resting spent in this place.
 E = Time spent auto-exploring this place.
 F = Levels seen in this place.
 G = Mean time per level.
                   A        B        C        D        E       F      G
               +--------+--------+--------+--------+--------+-----+--------+
         Total |    963 |    950 |     13 |      0 |    647 |   2 |  481.5 |
       Dungeon |    963 |    950 |     13 |      0 |    647 |   2 |  481.5 |
               +--------+--------+--------+--------+--------+-----+--------+

Top non-repeatable levels by time:
     D:1: 736 daAuts
     D:2: 226 daAuts
